[ AOE2 MATCH · #482068858 ]
Team EWSaracens vs Cumans
[ REPLAY ANALYSIS · EXTRACTED FROM THE RECORDED GAME ]
Feudal
—
Castle
—
Imperial
—
| APM avg | 8.3 |
| APM peak | 37 |
| eAPM avg | 5.5 |
| Villagers / military | 15 / 26 |
Focus
⚔️ 41.7% · 🌾 58.3%
Archer ×25 · Fishing Ship ×2 · Galley ×1 · Unknown (2626) ×1
Feudal
—
Castle
—
Imperial
—
| APM avg | 0.1 |
| APM peak | 2 |
| eAPM avg | 0.1 |
| Villagers / military | 0 / 0 |
Feudal
—
Castle
9:27
Imperial
—
| APM avg | 24.3 |
| APM peak | 47 |
| eAPM avg | 13.9 |
| Villagers / military | 55 / 6 |
Focus
⚔️ 15.3% · 🌾 84.7%
Scout Cavalry ×4 · Fishing Ship ×2 · Galley ×1 · Unknown (2626) ×1 · Flemish Militia ×1
Feudal
—
Castle
—
Imperial
—
| APM avg | 14.4 |
| APM peak | 54 |
| eAPM avg | 7.8 |
| Villagers / military | 16 / 9 |
Focus
⚔️ 29.7% · 🌾 70.3%
Galley ×6 · Fishing Ship ×6 · Spearman ×3
Feudal
—
Castle
10:12
Imperial
—
| APM avg | 21.3 |
| APM peak | 33 |
| eAPM avg | 12.9 |
| Villagers / military | 38 / 26 |
Focus
⚔️ 32.5% · 🌾 67.5%
Galley ×17 · Unknown (1952) ×16 · Fishing Ship ×9 · Battering Ram ×6 · Unknown (1944) ×3 · Scout Cavalry ×2
Feudal
—
Castle
—
Imperial
—
| APM avg | 14.5 |
| APM peak | 46 |
| eAPM avg | 7.0 |
| Villagers / military | 27 / 10 |
Focus
⚔️ 16.1% · 🌾 83.9%
Spearman ×8 · Fishing Ship ×3 · Galley ×2
Match map
Initial resources + every placement click. Lines = walls · curves = elevation contours. ◆ gold · ⬟ stone · ● berries · ✦ relic · ◌ wall gap
Your base· Open — unwalled flank
02281's base· Open — unwalled flank
CerealKiller's base· Open — 4t gap
tazinator's base· Open — unwalled flank
VPs's base· Open — unwalled flank
1960118165's base· Open — unwalled flank
Smoothed initial terrain · ◌ = detected wall gap · hover for details
Inputs per minute
— jure53 - - 02281
Build order — jure53
67 actions detected in the replay
| 0:02 | Create | Villager (Male) |
| 0:03 | Create | Villager (Male) |
| 0:03 | Create | Villager (Male) |
| 0:24 | Build | Archery Range |
| 0:27 | Build | House |
| 0:52 | Create | Unit 2626 |
| 0:59 | Create | Galley |
| 1:06 | Create | Archer |
| 1:06 | Create | Archer |
| 1:32 | Create | Villager (Male) |
| 1:33 | Create | Villager (Male) |
| 1:34 | Create | Archer |
| 1:34 | Create | Archer |
| 1:42 | Research | Double-Bit Axe |
| 2:27 | Create | Villager (Male) |
| 2:27 | Create | Villager (Male) |
| 2:37 | Build | Archery Range |
| 2:41 | Build | House |
| 2:51 | Create | Villager (Male) |
| 2:51 | Create | Villager (Male) |
| 3:17 | Create | Fishing Ship |
| 3:18 | Create | Fishing Ship |
| 3:26 | Create | Archer |
| 3:27 | Create | Archer |
| 3:38 | Research | Wheelbarrow |
| 3:53 | Build | House |
| 3:55 | Build | House |
| 3:58 | Build | House |
| 4:06 | Build | House |
| 4:08 | Build | House |
| 4:13 | Create | Archer |
| 4:13 | Create | Archer |
| 4:13 | Create | Archer |
| 4:51 | Research | Fletching |
| 5:13 | Build | Mill |
| 5:44 | Build | House |
| 5:48 | Build | House |
| 5:56 | Create | Villager (Male) |
| 5:57 | Create | Villager (Male) |
| 5:57 | Create | Villager (Male) |
| 5:57 | Create | Villager (Male) |
| 6:01 | Create | Archer |
| 6:02 | Create | Archer |
| 6:02 | Create | Archer |
| 6:02 | Create | Archer |
| 6:02 | Create | Archer |
| 7:06 | Build | House |
| 7:12 | Build | Market |
| 7:17 | Create | Villager (Male) |
| 7:18 | Create | Villager (Male) |
| 7:23 | Create | Archer |
| 7:23 | Create | Archer |
| 7:23 | Create | Archer |
| 8:41 | Research | Castle Age |
| 8:44 | Create | Archer |
| 8:44 | Create | Archer |
| 8:45 | Create | Archer |
| 9:05 | Create | Archer |
| 9:05 | Create | Archer |
| 9:06 | Create | Archer |
| 9:06 | Create | Archer |
| 9:06 | Create | Archer |
| 9:21 | Research | Padded Archer Armor |
| 9:25 | Research | Padded Archer Armor |
| 9:33 | Research | Padded Archer Armor |
| 10:02 | Build | House |
| 10:05 | Build | House |
Build order — 02281
0 actions detected in the replay
Build order — CerealKiller
138 actions detected in the replay
| 0:04 | Create | Villager (Male) |
| 0:17 | Build | Stable |
| 0:18 | Create | Villager (Male) |
| 0:19 | Create | Villager (Male) |
| 0:43 | Build | House |
| 0:44 | Create | Villager (Male) |
| 0:44 | Create | Villager (Male) |
| 1:01 | Build | Palisade Wall |
| 1:08 | Create | Scout Cavalry ×2 |
| 1:23 | Build | Palisade Wall |
| 1:40 | Build | House |
| 1:42 | Build | Palisade Wall |
| 1:48 | Create | Scout Cavalry |
| 1:57 | Create | Villager (Male) |
| 1:57 | Create | Villager (Male) |
| 1:57 | Create | Villager (Male) |
| 2:06 | Build | Mill |
| 2:08 | Create | Fishing Ship |
| 2:08 | Create | Fishing Ship |
| 2:11 | Create | Galley |
| 2:28 | Build | Palisade Wall |
| 2:30 | Create | Villager (Male) |
| 2:30 | Create | Villager (Male) |
| 2:59 | Research | Forging |
| 3:12 | Create | Villager (Male) |
| 3:12 | Create | Villager (Male) |
| 3:12 | Create | Villager (Male) |
| 3:20 | Build | Farm |
| 3:21 | Build | Farm |
| 3:41 | Build | House |
| 4:00 | Research | Scale Barding Armor |
| 4:02 | Create | Villager (Male) |
| 4:09 | Build | Farm |
| 4:09 | Build | Farm |
| 4:09 | Build | Farm |
| 4:09 | Build | Farm |
| 4:10 | Build | Farm |
| 4:49 | Create | Villager (Male) |
| 4:49 | Create | Villager (Male) |
| 4:50 | Create | Villager (Male) |
| 5:07 | Build | House |
| 5:13 | Build | Market |
| 5:23 | Create | Villager (Male) |
| 5:23 | Create | Villager (Male) |
| 5:49 | Build | Farm |
| 5:49 | Build | Farm |
| 5:49 | Build | Farm |
| 5:50 | Build | Farm |
| 6:00 | Build | House |
| 6:16 | Build | Farm |
| 6:36 | Build | Palisade Wall |
| 6:47 | Research | Castle Age |
| 7:35 | Create | Scout Cavalry |
| 7:43 | Create | Flemish Militia |
| 7:52 | Build | Gate |
| 8:44 | Create | Unit 2626 |
| 8:49 | Research | Double-Bit Axe |
| 9:17 | Build | Mining Camp |
| 9:27 | Age | Castle Age |
| 9:33 | Build | Town Center |
| 9:44 | Research | Wheelbarrow |
| 9:45 | Create | Villager (Male) |
| 9:45 | Create | Villager (Male) |
| 10:19 | Create | Villager (Male) |
| 10:19 | Create | Villager (Male) |
| 10:19 | Create | Villager (Male) |
| 10:20 | Create | Villager (Male) |
| 10:37 | Build | Town Center |
| 10:55 | Research | Iron Casting |
| 10:55 | Research | Scale Mail Armor |
| 10:56 | Create | Villager (Male) |
| 10:57 | Create | Villager (Male) |
| 11:09 | Build | Mining Camp |
| 11:15 | Create | Villager (Male) |
| 11:50 | Create | Villager (Male) |
| 11:51 | Create | Villager (Male) |
| 11:56 | Build | Farm |
| 11:56 | Build | Farm |
| 11:57 | Build | Farm |
| 11:57 | Build | Farm |
| 11:57 | Build | Farm |
| 11:57 | Build | Farm |
| 12:12 | Create | Villager (Male) |
| 12:12 | Create | Villager (Male) |
| 12:13 | Create | Villager (Male) |
| 12:23 | Build | Farm |
| 12:32 | Create | Villager (Male) |
| 12:32 | Create | Villager (Male) |
| 13:05 | Research | Bow Saw |
| 13:07 | Research | Horse Collar |
| 13:08 | Create | Villager (Male) |
| 13:08 | Create | Villager (Male) |
| 13:08 | Create | Villager (Male) |
| 13:30 | Create | Villager (Male) |
| 13:30 | Create | Villager (Male) |
| 13:30 | Create | Villager (Male) |
| 13:36 | Research | Tech 906 |
| 14:22 | Research | Squires |
| 14:23 | Research | Arson |
| 14:26 | Research | Chain Mail Armor |
| 15:02 | Build | Monastery |
| 15:06 | Create | Villager (Male) |
| 15:06 | Create | Villager (Male) |
| 15:06 | Create | Villager (Male) |
| 15:07 | Create | Villager (Male) |
| 15:34 | Create | Villager (Male) |
| 15:34 | Create | Villager (Male) |
| 15:35 | Create | Villager (Male) |
| 16:42 | Build | Castle |
| 17:04 | Build | University |
| 17:13 | Build | Farm |
| 17:13 | Build | Farm |
| 17:13 | Build | Farm |
| 17:13 | Build | Farm |
| 17:14 | Build | Farm |
| 17:36 | Research | Imperial Age |
| 17:45 | Create | Villager (Male) |
| 17:45 | Create | Villager (Male) |
| 17:53 | Build | House |
| 17:54 | Build | House |
| 17:57 | Build | House |
| 18:14 | Research | Fletching |
| 18:42 | Create | Villager (Male) |
| 18:42 | Create | Villager (Male) |
| 18:47 | Build | Farm |
| 18:48 | Build | Farm |
| 19:12 | Build | Farm |
| 19:15 | Build | Farm |
| 19:30 | Build | House |
| 19:31 | Build | House |
| 19:32 | Build | House |
| 19:33 | Create | Villager (Male) |
| 19:33 | Create | Villager (Male) |
| 19:33 | Create | Villager (Male) |
| 19:40 | Build | Farm |
| 19:41 | Build | Farm |
| 19:42 | Build | Farm |
| 19:45 | Research | Heavy Plow |
Build order — tazinator
55 actions detected in the replay
| 0:04 | Create | Villager (Male) |
| 0:04 | Create | Villager (Male) |
| 0:10 | Build | Dock |
| 0:10 | Research | Double-Bit Axe |
| 0:41 | Create | Villager (Male) |
| 0:45 | Create | Galley |
| 1:09 | Create | Villager (Male) |
| 1:12 | Create | Galley |
| 1:15 | Build | House |
| 1:16 | Build | House |
| 1:18 | Build | Palisade Wall |
| 1:34 | Create | Galley |
| 1:49 | Create | Spearman |
| 1:53 | Create | Villager (Male) |
| 1:53 | Create | Villager (Male) |
| 1:59 | Create | Galley |
| 2:26 | Create | Galley |
| 2:26 | Create | Galley |
| 2:28 | Create | Villager (Male) |
| 2:28 | Create | Villager (Male) |
| 2:37 | Build | Dock |
| 2:41 | Build | House |
| 2:42 | Build | House |
| 3:12 | Create | Villager (Male) |
| 3:27 | Create | Villager (Male) |
| 3:31 | Build | Dock |
| 3:39 | Build | Mill |
| 3:54 | Build | Palisade Wall |
| 4:08 | Research | Fletching |
| 4:15 | Create | Villager (Male) |
| 4:18 | Create | Villager (Male) |
| 4:18 | Create | Villager (Male) |
| 4:55 | Create | Fishing Ship |
| 4:56 | Create | Fishing Ship |
| 4:57 | Create | Fishing Ship |
| 5:03 | Build | Market |
| 5:07 | Create | Villager (Male) |
| 5:35 | Create | Fishing Ship |
| 5:35 | Create | Fishing Ship |
| 5:42 | Build | Palisade Wall |
| 5:53 | Create | Fishing Ship |
| 6:09 | Create | Villager (Male) |
| 6:09 | Create | Villager (Male) |
| 6:17 | Research | Wheelbarrow |
| 6:50 | Create | Spearman |
| 6:50 | Create | Spearman |
| 7:19 | Build | Mining Camp |
| 7:23 | Build | House |
| 7:25 | Build | House |
| 7:32 | Build | Watch Tower |
| 7:48 | Research | Castle Age |
| 7:48 | Research | Castle Age |
| 8:12 | Build | Palisade Gate |
| 8:20 | Build | House |
| 8:47 | Build | Palisade Wall |
Build order — VPs
143 actions detected in the replay
| 0:02 | Create | Villager (Male) |
| 0:02 | Create | Villager (Male) |
| 0:03 | Research | Double-Bit Axe |
| 0:07 | Build | House |
| 0:24 | Create | Fishing Ship |
| 0:25 | Create | Fishing Ship |
| 0:47 | Create | Fishing Ship |
| 0:52 | Create | Villager (Male) |
| 1:16 | Build | Dock |
| 1:19 | Create | Villager (Male) |
| 1:20 | Create | Villager (Male) |
| 1:24 | Build | Mill |
| 1:40 | Create | Unit 2626 |
| 1:46 | Create | Villager (Male) |
| 1:51 | Create | Spearman |
| 2:01 | Create | Villager (Male) |
| 2:07 | Build | Stable |
| 2:15 | Build | House |
| 2:28 | Build | House |
| 2:34 | Create | Fishing Ship |
| 2:34 | Create | Fishing Ship |
| 2:57 | Build | House |
| 2:58 | Build | House |
| 3:02 | Create | Villager (Male) |
| 3:24 | Research | Tech 906 |
| 3:31 | Research | Wheelbarrow |
| 3:36 | Research | Horse Collar |
| 3:44 | Build | House |
| 3:46 | Build | House |
| 3:53 | Research | Gold Mining |
| 4:10 | Create | Villager (Male) |
| 4:15 | Build | Lumber Camp |
| 4:23 | Build | House |
| 4:28 | Create | Fishing Ship |
| 4:28 | Create | Fishing Ship |
| 4:34 | Create | Scout Cavalry |
| 4:35 | Create | Scout Cavalry |
| 4:45 | Create | Galley |
| 4:45 | Create | Galley |
| 5:13 | Build | Dock |
| 5:19 | Create | Villager (Male) |
| 5:37 | Create | Galley |
| 5:37 | Create | Galley |
| 5:42 | Research | Fletching |
| 6:00 | Create | Galley |
| 6:01 | Create | Galley |
| 6:06 | Create | Galley |
| 6:08 | Create | Villager (Male) |
| 6:27 | Build | Lumber Camp |
| 6:30 | Create | Villager (Male) |
| 6:36 | Create | Galley |
| 6:37 | Create | Galley |
| 7:13 | Create | Galley |
| 7:14 | Create | Galley |
| 7:32 | Research | Castle Age |
| 7:41 | Build | Farm |
| 7:41 | Build | Farm |
| 7:42 | Build | Farm |
| 7:43 | Build | Farm |
| 7:46 | Create | Villager (Male) |
| 7:51 | Create | Galley |
| 7:51 | Create | Galley |
| 7:51 | Create | Galley |
| 7:51 | Create | Galley |
| 8:17 | Create | Galley |
| 8:17 | Create | Galley |
| 9:01 | Create | Villager (Male) |
| 9:05 | Build | Archery Range |
| 9:13 | Build | Archery Range |
| 10:12 | Age | Castle Age |
| 10:21 | Create | Unit 1952 ×5 |
| 10:24 | Build | Archery Range |
| 10:47 | Build | Town Center |
| 10:50 | Create | Villager (Male) |
| 11:22 | Create | Unit 1952 ×3 |
| 11:25 | Create | Villager (Male) |
| 11:27 | Create | Villager (Male) |
| 11:29 | Build | House |
| 11:30 | Build | House |
| 11:31 | Build | House |
| 11:33 | Build | House |
| 11:52 | Research | Bodkin Arrow |
| 11:54 | Research | Bloodlines |
| 11:55 | Research | Husbandry |
| 11:58 | Research | War Galley (upgrade) |
| 12:01 | Create | Villager (Male) |
| 12:05 | Create | Fishing Ship |
| 12:06 | Create | Fishing Ship |
| 12:57 | Build | Mining Camp |
| 13:01 | Create | Unit 1952 ×4 |
| 13:04 | Research | Padded Archer Armor |
| 13:30 | Research | Hand Cart |
| 13:33 | Create | Villager (Male) |
| 13:34 | Create | Villager (Male) |
| 13:34 | Create | Villager (Male) |
| 13:34 | Create | Villager (Male) |
| 13:42 | Create | Villager (Male) |
| 13:43 | Create | Villager (Male) |
| 14:12 | Create | Villager (Male) |
| 14:14 | Create | Villager (Male) |
| 14:15 | Create | Villager (Male) |
| 14:19 | Build | Town Center |
| 14:25 | Create | Unit 1952 ×4 |
| 14:30 | Create | Unit 1944 |
| 14:31 | Create | Unit 1944 |
| 14:31 | Create | Unit 1944 |
| 14:46 | Create | Villager (Male) |
| 15:07 | Build | Siege Workshop |
| 15:37 | Build | Siege Workshop |
| 15:57 | Create | Villager (Male) |
| 15:58 | Create | Villager (Male) |
| 15:58 | Create | Villager (Male) |
| 16:06 | Create | Villager (Male) |
| 16:28 | Research | Town Watch |
| 16:43 | Create | Villager (Male) |
| 16:44 | Create | Villager (Male) |
| 16:44 | Create | Villager (Male) |
| 16:51 | Build | Lumber Camp |
| 16:52 | Research | Bow Saw |
| 17:09 | Build | Farm |
| 17:10 | Build | Farm |
| 17:10 | Build | Farm |
| 17:10 | Build | Farm |
| 17:10 | Build | Farm |
| 17:11 | Build | Farm |
| 17:13 | Create | Villager (Male) |
| 17:15 | Create | Villager (Male) |
| 17:15 | Create | Villager (Male) |
| 18:00 | Build | Lumber Camp |
| 18:03 | Create | Battering Ram |
| 18:03 | Create | Battering Ram |
| 18:09 | Build | House |
| 18:12 | Build | House |
| 18:27 | Build | House |
| 18:27 | Build | House |
| 18:28 | Build | House |
| 18:28 | Build | House |
| 18:28 | Build | House |
| 18:46 | Create | Battering Ram |
| 18:46 | Create | Battering Ram |
| 18:59 | Build | Siege Workshop |
| 19:30 | Create | Battering Ram |
| 20:16 | Create | Battering Ram |
Build order — 1960118165
75 actions detected in the replay
| 0:42 | Create | Villager (Male) |
| 0:42 | Create | Villager (Male) |
| 0:43 | Create | Villager (Male) |
| 0:43 | Create | Villager (Male) |
| 0:43 | Create | Villager (Male) |
| 0:44 | Create | Villager (Male) |
| 0:51 | Build | Town Center |
| 1:01 | Build | House |
| 1:06 | Build | House |
| 1:08 | Build | House |
| 1:10 | Build | House |
| 1:16 | Create | Spearman |
| 1:16 | Create | Spearman |
| 1:21 | Create | Villager (Male) |
| 1:56 | Create | Fishing Ship |
| 1:57 | Create | Fishing Ship |
| 2:06 | Create | Villager (Male) |
| 2:07 | Create | Villager (Male) |
| 2:30 | Build | House |
| 2:48 | Build | Mill |
| 3:00 | Create | Fishing Ship |
| 3:23 | Build | House |
| 3:24 | Build | House |
| 3:29 | Create | Villager (Male) |
| 3:32 | Create | Spearman |
| 3:32 | Create | Spearman |
| 4:25 | Build | Farm |
| 4:26 | Build | Farm |
| 4:27 | Create | Villager (Male) |
| 4:44 | Build | House |
| 4:45 | Build | House |
| 4:52 | Create | Spearman |
| 4:52 | Create | Spearman |
| 4:58 | Create | Villager (Male) |
| 5:21 | Create | Villager (Male) |
| 5:22 | Create | Villager (Male) |
| 5:23 | Create | Villager (Male) |
| 5:24 | Create | Villager (Male) |
| 5:49 | Create | Galley |
| 6:24 | Research | Double-Bit Axe |
| 6:24 | Research | Double-Bit Axe |
| 6:28 | Build | Farm |
| 6:29 | Build | Farm |
| 6:30 | Build | Farm |
| 6:32 | Build | Farm |
| 6:33 | Build | Farm |
| 6:38 | Create | Spearman |
| 6:38 | Create | Spearman |
| 6:47 | Build | House |
| 6:48 | Build | House |
| 7:11 | Build | Farm |
| 7:14 | Create | Villager (Male) |
| 7:19 | Create | Villager (Male) |
| 7:20 | Create | Villager (Male) |
| 7:24 | Create | Villager (Male) |
| 7:25 | Create | Villager (Male) |
| 7:28 | Create | Villager (Male) |
| 7:29 | Create | Villager (Male) |
| 7:43 | Build | House |
| 7:45 | Build | House |
| 8:38 | Create | Galley |
| 8:47 | Create | Villager (Male) |
| 8:49 | Create | Villager (Male) |
| 9:03 | Build | House |
| 9:05 | Build | House |
| 9:07 | Build | House |
| 9:09 | Build | House |
| 9:22 | Create | Villager (Male) |
| 9:22 | Create | Villager (Male) |
| 9:25 | Build | Farm |
| 9:28 | Build | Farm |
| 9:29 | Build | Farm |
| 9:30 | Build | Farm |
| 9:32 | Build | Farm |
| 9:33 | Build | Farm |
Match timeline
| 0:10 | tazinator · first_building Dock |
| 0:17 | CerealKiller · first_building Stable |
| 0:24 | jure53 · first_building Archery Range |
| 1:01 | CerealKiller · wall_segment Palisade Wall x9 |
| 1:16 | VPs · first_building Dock |
| 1:18 | tazinator · wall_segment Palisade Wall x1 |
| 1:23 | CerealKiller · wall_segment Palisade Wall x4 |
| 1:42 | CerealKiller · wall_segment Palisade Wall x1 |
| 2:07 | VPs · first_building Stable |
| 2:28 | CerealKiller · wall_segment Palisade Wall x11 |
| 3:54 | tazinator · wall_segment Palisade Wall x1 |
| 5:42 | tazinator · wall_segment Palisade Wall x8 |
| 6:22 | tazinator · first_market_buy 100 food |
| 6:36 | CerealKiller · wall_segment Palisade Wall x7 |
| 8:31 | jure53 · first_market_sell 100 wood |
| 8:32 | jure53 · first_market_buy 100 food |
| 8:47 | tazinator · wall_segment Palisade Wall x1 |
| 9:05 | VPs · first_building Archery Range |
| 9:27 | CerealKiller · age_up castle |
| 9:32 | tazinator · resign |
| 10:12 | VPs · age_up castle |
| 10:34 | CerealKiller · first_market_buy 100 stone |
| 12:19 | CerealKiller · first_market_sell 500 food |
| 15:02 | CerealKiller · first_building Monastery |
| 15:07 | VPs · first_building Siege Workshop |
| 16:42 | CerealKiller · first_building Castle |
[ AI ANALYSIS · 1 CREDIT ]
What really happened in this match?
Wolo.gg analyzes every decision: build order, eco, micro, common mistakes by bracket. Personalized analysis on WhatsApp or Discord in 30 seconds.
Civ guide
Saracens
Map guide
Shoals
Perfil
Jugador #4324365